 Dungeon Crawl Stone Soup version 0.24.1-14-gf8d2b509d9 (console) character file.

Game seed: 8708345134313848016, levelgen mode: deterministic

452 Kagalorn the Skirmisher (level 6, 0/53 HPs)
             Began as a Minotaur Wanderer on Feb 25, 2021.
             Killed from afar by Sigmund (8 damage)
             ... with a magic dart
             ... on level 4 of the Dungeon.
             The game lasted 00:12:28 (3850 turns).

Kagalorn the Skirmisher (Minotaur Wanderer)         Turns: 3850, Time: 00:12:29

Health: 0/53       AC: 12    Str: 20    XL:     6   Next: 75%
Magic:  2/2        EV:  9    Int:  8    God:
Gold:   197        SH:  0    Dex:  9    Spells: 6/7 levels left

rFire    . . .     SeeInvis .   a - +2 spear (antimagic)
rCold    . . .     Gourm    .   (no shield)
rNeg     . . .     Faith    .   n - +0 chain mail
rPois    .         Spirit   .   (helmet restricted)
rElec    .         Reflect  .   u - +0 cloak
rCorr    .         Harm     .   (no gloves)
MR       .....                  g - +0 pair of boots
Stlth    ..........             (no amulet)
HPRegen  0.17/turn              (no ring)
MPRegen  0.08/turn              (no ring)

@: no status effects
A: retaliatory headbutt, horns 2
a: no special abilities


You were on level 4 of the Dungeon.
You were hungry.

You visited 1 branch of the dungeon, and saw 4 of its levels.

You collected 197 gold pieces.

Inventory:

Hand Weapons
 a - a +2 antimagic spear (weapon)
 b - a +0 flail
 o - a +0 war axe
Missiles
 j - 12 bolts
Armour
 g - a +0 pair of boots (worn)
 n - a +0 chain mail (worn)
 u - a +0 cloak (worn)
Scrolls
 e - 4 scrolls of teleportation
 l - 2 scrolls of remove curse {unknown}
 q - a scroll of amnesia {unknown}
 r - a scroll of enchant weapon {unknown}
 v - a scroll of enchant armour {unknown}
Potions
 c - a potion of lignification
 d - a potion of heal wounds
 h - a potion of magic
 i - 2 potions of ambrosia {unknown}
 k - 2 potions of curing {unknown}
 m - a potion of flight {unknown}
 p - 2 potions of haste
 s - a potion of might {unknown}
 t - a potion of cancellation {unknown}
 x - a potion of degeneration {unknown}
Comestibles
 f - 10 rations
 w - a chunk of flesh


   Skills:
 + Level 4.6 Fighting
 - Level 1.0 Throwing
 + Level 4.6 Armour
 + Level 4.2 Dodging
   Level 1.2 Shields
 - Level 1.3 Spellcasting
 - Level 3.7 Air Magic
   Level 1.0 Earth Magic


You had 6 spell levels left.
You knew the following spells:

 Your Spells              Type           Power        Failure   Level  Hunger
a - Shock                 Conj/Air       #...         86%         1    ##.....

Your spell library contained the following spells:

 Spells                   Type           Power        Failure   Level  Hunger
 Sandblast                Erth           #.....       94%         1    ##.....
 Swiftness                Chrm/Air       #.......     95%         2    ###....
 Static Discharge         Conj/Air       #.......     99%         3    ####...
 Stone Arrow              Conj/Erth      #.....       100%        3    ####...
 Airstrike                Air            #.........   100%        4    #####..
 Lightning Bolt           Conj/Air       #.........   100%        5    ######.


Dungeon Overview and Level Annotations

Branches:
Dungeon (4/15)             Temple (0/1) D:4

Altars:
Zin

Shops:
D:2 *

Annotations:
D:4 Sigmund


Innate Abilities, Weirdness & Mutations

You reflexively headbutt those who attack you in melee.
You have a pair of horns on your head.


Message History

* * * LOW HITPOINT WARNING * * *
Your chain mail prevents you from hitting something.
You barely miss something. Something hits you but does no damage.
Something hits you.
* * * LOW HITPOINT WARNING * * *
Something tries to affect you, but you resist.
You hear the slow rusting of a very distant drain.
A magic dart appears from out of thin air!
The magic dart hits you but does no damage.
A puff of flame appears from out of thin air!
The puff of flame misses you.
You see here a ration.
A leopard gecko comes into view.
The leopard gecko hisses angrily.
There is a staircase to the Ecumenical Temple here.
The leopard gecko barely misses you. You furiously retaliate!
You headbutt the leopard gecko.
A magic dart appears from out of thin air!
The magic dart hits you!
You die...

###...###.....#
#..W.........##
#.#.#.#.#.#.....#
#......%.....#..#
#.#.....(.#..#..#
##)...............
#..#...>...#.....
#.............#..
##..#....l@.#.....
...............##
#.#.#.#.#.#.#..#
#.#............#
####.###....##......
#........####
#...### #.......###
..?# ####.........#
...# ..##.#..#..#>#
...


You could see a phantom and a leopard gecko.

Vanquished Creatures
  Grinder (D:3)
  Crazy Yiuf (D:3)
  An iguana (D:4)
  Terence (D:2)
  An orc wizard (D:3)
  A worker ant (D:4)
  2 gnolls (D:2)
  5 adders
  2 worms (D:2)
  2 dart slugs
  2 leopard geckos (D:2)
  4 orcs (D:3)
  2 giant cockroaches
  4 goblins
  8 hobgoblins
  5 jackals
  A quokka (D:2)
  A ball python (D:2)
  5 bats
  3 frilled lizards
  3 kobolds
  7 rats
62 creatures vanquished.

Notes
Turn   | Place    | Note
-------+----------+-------------------------------------------
     0 | D:1      | Kagalorn the Minotaur Wanderer began the quest for the Orb.
     0 | D:1      | Kagalorn set off with the following items: a +0 club, a
                  | potion of lignification, a +0 robe, a ration; and the
                  | following spells available to memorise: Shock, Sandblast,
                  | Swiftness, Static Discharge, Airstrike, Stone Arrow,
                  | Lightning Bolt
     0 | D:1      | Reached XP level 1. HP: 14/14 MP: 1/1
     2 | D:1      | Learned a level 1 spell: Shock
   398 | D:1      | Reached skill level 1 in Fighting
   398 | D:1      | Reached skill level 1 in Armour
   398 | D:1      | Reached skill level 1 in Dodging
   398 | D:1      | Reached XP level 2. HP: 23/23 MP: 3/3
  1151 | D:2      | Reached XP level 3. HP: 17/29 MP: 2/4
  1545 | D:2      | Noticed Terence
  1824 | D:2      | Found Zin's Purification Station.
  1826 | D:2      | Found a glowing silver altar of Zin.
  2213 | D:2      | Reached XP level 4. HP: 25/37 MP: 5/5
  2595 | D:2      | Killed Terence
  2785 | D:3      | Noticed Grinder
  3308 | D:3      | Killed Grinder
  3308 | D:3      | Reached XP level 5. HP: 16/46 MP: 2/6
  3308 | D:3      | Reached XP level 6. HP: 18/52 MP: 2/7
  3643 | D:3      | Found a runed translucent door.
  3644 | D:3      | Noticed Crazy Yiuf
  3655 | D:3      | Killed Crazy Yiuf
  3765 | D:4      | Found a staircase to the Ecumenical Temple.
  3769 | D:4      | Noticed Sigmund
  3850 | D:4      | Killed from afar by Sigmund

Levels and vault maps discovered:
D:1:      mrwooster_arrival_statue_3, layout_rooms, minmay_tripent
D:2:      layout_loops_ring, zin_purify, minmay_misc_feat_rugged,
          minmay_distorted, uniq_terence
D:3:      layout_rooms, first_ration, uniq_grinder, uniq_crazy_yiuf_cottage
D:4:      layout_loops_cross, chequers_temple_overflow_statue_of_worship,
          gammafunk_temple_overflow_forgotten, minmay_temple_entry_glass,
          portal_sewer_entry_b, uniq_sigmund

Skill      XL: |  1  2  3  4  5  6 |
---------------+-------------------+-----
Fighting       | 1 2 4 |  4.6
Armour         | 1 2 4 |  4.6
Dodging        | 1 2 3 4 |  4.2
Throwing       | |  1.0
Shields        | |  1.2
Spellcasting   | |  1.3
Air Magic      | |  3.7
Earth Magic    | |  1.0

Action                   |  1- 3 |  4- 6 || total
-------------------------+-------+-------++-------
Melee: Unarmed           |   116 |       ||   116
       Headbutt          |    14 |    19 ||    33
       Flail             |     7 |    16 ||    23
       Spear             |       |   100 ||   100
 Cast: Shock             |    17 |     3 ||    20
  Use: Scroll            |     3 |       ||     3
       Potion            |     1 |       ||     1
 Stab: Sleeping          |     1 |       ||     1
  Eat: Chunk             |     2 |     1 ||     3
       Ration            |     1 |     1 ||     2
Armor: Robe              |    18 |       ||    18
       Chain mail        |       |    41 ||    41
       Ring mail         |       |     7 ||     7
Dodge: Dodged            |    98 |    49 ||   147
